Knights vs Manchots
(R1)
Created - 9 janvier 2013 at 23:17
Goals
|
| Knights |
0 |
0 |
0 |
0 |
| Manchots |
1 |
0 |
1 |
2 |
|
Shots
|
| Knights |
9 |
12 |
13 |
34 |
| Manchots |
14 |
5 |
10 |
29 |
|
1st period
1. Manchots , Petr Sykora 18 (Alexander Radulov, Stanislav Neckar) at 19:38
Penalties :
Troy Brouwer (Lon) for Hooking (Minor) at 2:15, Pernell Karl Subban (Out) for Interference (Minor) at 13:20
2nd period
No Goal
Penalties :
Aaron Rome (Lon) for Interference (Minor) at 3:01, Jamie Benn (Out) for Holding Stick (Minor) at 9:06, Eric Gryba (Out) for High sticking (Minor) at 15:48
3rd period
2. Manchots , Martin Hanzal 22 (Hal Gill) at 19:22 (Empty Net)
Penalties :
Joel Ward (Lon) for Tripping (Minor) at 9:24, Cal Clutterbuck (Out) for High sticking (Minor) at 11:36
Goalie Stats
Dany Sabourin (Lon), 27 saves from 28 shots - (0,964), L, 0-3-2, 59:38 minutes
Manny Fernandez (Out), 34 saves from 34 shots - (1,000), W, 7-2-1, 60:00 minutes
Players Stats for Knights
Player Name G A P +/- PIM S H SB GA TA FO MP PP MP PK MP
------------------------------------------------------------------------------------
Aaron Rome 0 0 0 0 2 0 1 0 0 1 0/0 16:01 0:29 1:48
Benn Ferriero 0 0 0 -1 0 0 3 0 0 1 2/4 13:25 3:18 0:00
Danny Irmen 0 0 0 0 0 1 2 1 0 0 1/2 10:09 0:00 1:42
Darroll Powe 0 0 0 -1 0 7 2 1 0 0 11/24 21:22 4:38 2:40
Garnet Exelby 0 0 0 0 0 1 1 0 1 2 0/0 16:30 3:04 1:06
Jack Skille 0 0 0 -1 0 3 0 0 1 0 0/0 16:17 3:18 0:00
Jarret Stoll 0 0 0 0 0 2 2 1 0 1 8/12 12:40 0:00 0:00
Jeff Schultz 0 0 0 0 0 0 2 4 0 1 0/0 23:48 3:04 3:03
Joel Ward 0 0 0 -1 2 1 0 0 0 0 0/0 10:42 0:10 0:00
Jonathan Tremblay 0 0 0 0 0 3 0 0 0 1 0/0 8:25 0:00 0:00
Kyle Greentree 0 0 0 -1 0 0 0 0 0 0 0/1 13:02 0:00 1:42
Mats Zuccarello 0 0 0 0 0 2 0 0 0 0 0/0 10:05 0:00 1:35
Nigel Dawes 0 0 0 -1 0 2 2 1 0 1 1/2 21:13 4:38 2:40
Ryan Suter 0 0 0 -1 0 2 5 3 1 1 0/0 26:55 4:23 2:33
Sheldon Brookbank 0 0 0 -2 0 4 4 0 0 1 0/0 23:07 4:52 3:24
Steve Downie 0 0 0 0 0 2 3 2 0 0 0/0 20:13 4:28 1:35
Troy Brouwer 0 0 0 0 2 3 0 0 2 0 0/1 16:20 3:18 0:00
Zbynek Michalek 0 0 0 -1 0 1 1 0 0 0 0/0 13:46 0:00 0:00
Players Stats for Manchots
Player Name G A P +/- PIM S H SB GA TA FO MP PP MP PK MP
------------------------------------------------------------------------------------
Alexander Radulov 0 1 1 1 0 3 2 0 1 0 1/1 16:32 3:09 0:00
Bobby Butler 0 0 0 0 0 0 1 0 1 0 0/0 9:38 0:00 0:00
Cal Clutterbuck 0 0 0 0 2 0 1 0 0 0 0/0 12:02 0:07 0:58
Denis Arkhipov 0 0 0 0 0 4 1 0 2 0 7/8 15:42 0:07 4:26
Eric Gryba 0 0 0 0 2 0 2 0 0 0 0/0 11:42 0:00 0:00
Eric Tangradi 0 0 0 0 0 3 2 0 0 0 0/1 10:07 0:07 0:00
Fredrik Sjostrom 0 0 0 2 0 1 1 0 1 0 0/0 19:11 3:09 2:38
Hal Gill 0 1 1 1 0 2 0 1 1 0 0/0 24:28 2:28 4:32
Jamie Benn 0 0 0 0 2 0 1 0 0 0 1/1 16:41 2:41 1:03
Kris Russell 0 0 0 0 0 0 2 0 0 0 0/0 15:34 0:00 3:24
Logan Couture 0 0 0 1 0 0 1 1 0 1 6/17 15:20 2:41 0:19
Martin Hanzal 1 0 1 1 0 3 0 1 1 0 5/15 16:20 3:09 0:00
Pernell Karl Subban 0 0 0 1 2 1 5 1 1 0 0/0 23:05 3:29 0:14
Petr Sykora 1 0 1 1 0 6 4 1 0 0 0/0 19:13 2:41 4:12
Richard Petiot 0 0 0 1 0 1 2 2 2 1 0/0 22:40 2:28 3:24
Spencer Machacek 0 0 0 0 0 1 2 0 0 0 0/0 8:50 0:00 0:00
Stanislav Neckar 0 1 1 1 0 1 2 3 0 3 0/0 23:12 3:29 4:18
Tyler Kennedy 0 0 0 0 0 3 2 0 0 0 3/3 11:43 0:00 2:16
3 Stars
1 - Manny Fernandez (Out)
2 - Dany Sabourin (Lon)
3 - Petr Sykora (Out)
Power Play
Knights - 0 on 4 Attempt(s) - 0,00%
Manchots - 0 on 3 Attempt(s) - 0,00%
Penalty Kill
Knights - 3 on 3 Attempt(s) - 100,00%
- Score 0 goal in Penalty Kill
Manchots - 4 on 4 Attempt(s) - 100,00%
- Score 0 goal in Penalty Kill
Official
Referees : Watson Brad and Sutherland Kelly
Linesman : Dan Schachte and Jonny Murray
Game Notes
18:18 of 1st period - Manchots goal is going for a video replay. After video review, No Goal. The puck has entered the net after making contact with an attacking player’s stick that is above the height of the crossbar.
Martin Hanzal has scored in a empty net!
Knights
5 vs 5 Forward
Center Left Wing Right Wing Time % Phy DF OF
1 Darroll Powe Nigel Dawes Steve Downie 36 1 2 2
2 Jarret Stoll Troy Brouwer Jack Skille 34 1 2 2
3 Benn Ferriero Kyle Greentree Joel Ward 20 1 2 2
4 Danny Irmen Mats Zuccarello Jonathan Tremblay 10 1 2 2
5 vs 5 Defense
Defense Defense Time % Phy DF OF
1 Jeff Schultz Ryan Suter 40 2 2 1
2 Zbynek Michalek Sheldon Brookbank 30 2 2 1
3 Aaron Rome Garnet Exelby 20 1 3 1
4 Sheldon Brookbank Ryan Suter 10 2 2 1
PowerPlay Forward
Center Left Wing Right Wing Time % Phy DF OF
1 Darroll Powe Nigel Dawes Steve Downie 60 1 0 4
2 Benn Ferriero Troy Brouwer Jack Skille 40 1 0 4
PowerPlay Defense
Defense Defense Time % Phy DF OF
1 Sheldon Brookbank Ryan Suter 60 0 1 4
2 Jeff Schultz Garnet Exelby 40 0 1 4
Penalty Kill 4 Players Forward
Center Wing Time % Phy DF OF
1 Darroll Powe Nigel Dawes 60 0 4 1
2 Mats Zuccarello Steve Downie 40 0 4 1
Penalty Kill 4 Players Defense
Defense Defense Time % Phy DF OF
1 Sheldon Brookbank Jeff Schultz 60 1 4 0
2 Ryan Suter Aaron Rome 40 1 4 0
Penalty Kill - 3 Players Forward
Forward Time % Phy DF OF
1 Darroll Powe 60 0 5 0
2 Nigel Dawes 40 0 5 0
Penalty Kill - 3 Players Defense
Defense Defense Time % Phy DF OF
1 Sheldon Brookbank Jeff Schultz 60 0 5 0
2 Ryan Suter Zbynek Michalek 40 0 5 0
4 vs 4 Forward
Center Wing Time % Phy DF OF
1 Darroll Powe Nigel Dawes 50 1 2 2
2 Jarret Stoll Steve Downie 50 1 2 2
4 vs 4 Defense
Defense Defense Time % Phy DF OF
1 Zbynek Michalek Jeff Schultz 60 1 2 2
2 Ryan Suter Sheldon Brookbank 40 1 2 2
Last Minutes Offensive
Center Left Wing Right Wing Defense Defense
Darroll Powe Nigel Dawes Jack Skille Ryan Suter Sheldon Brookbank
Last Minutes Defensive
Center Left Wing Right Wing Defense Defense
Darroll Powe Nigel Dawes Mats Zuccarello Jeff Schultz Sheldon Brookbank
Goaltenders
Starting : Dany Sabourin
Backup : Michael Leighton
Extra Forwards
Normal : Darroll Powe, Steve Downie, Jack Skille - PP : Jack Skille, Troy Brouwer - PK : Nigel Dawes
Extra Defensemen
Normal : Ryan Suter, Sheldon Brookbank, Jeff Schultz - PP : Sheldon Brookbank - PK : Sheldon Brookbank, Jeff Schultz
Penalty Shots
Jack Skille, Nigel Dawes, Mats Zuccarello, Jarret Stoll, Troy Brouwer
Manchots
5 vs 5 Forward
Center Left Wing Right Wing Time % Phy DF OF
1 Martin Hanzal Jamie Benn Alexander Radulov 37 0 1 4
2 Logan Couture Fredrik Sjostrom Petr Sykora 34 0 1 4
3 Denis Arkhipov Bobby Butler Cal Clutterbuck 19 0 1 4
4 Tyler Kennedy Eric Tangradi Spencer Machacek 10 1 1 3
5 vs 5 Defense
Defense Defense Time % Phy DF OF
1 Pernell Karl Subban Stanislav Neckar 40 1 2 2
2 Richard Petiot Hal Gill 30 1 2 2
3 Kris Russell Eric Gryba 20 1 2 2
4 Hal Gill Pernell Karl Subban 10 0 1 4
PowerPlay Forward
Center Left Wing Right Wing Time % Phy DF OF
1 Martin Hanzal Fredrik Sjostrom Alexander Radulov 60 1 1 3
2 Logan Couture Jamie Benn Petr Sykora 40 1 1 3
PowerPlay Defense
Defense Defense Time % Phy DF OF
1 Stanislav Neckar Pernell Karl Subban 60 1 1 3
2 Hal Gill Richard Petiot 40 1 1 3
Penalty Kill 4 Players Forward
Center Wing Time % Phy DF OF
1 Denis Arkhipov Petr Sykora 60 1 2 2
2 Tyler Kennedy Fredrik Sjostrom 40 1 2 2
Penalty Kill 4 Players Defense
Defense Defense Time % Phy DF OF
1 Hal Gill Stanislav Neckar 60 1 2 2
2 Richard Petiot Kris Russell 40 1 2 2
Penalty Kill - 3 Players Forward
Forward Time % Phy DF OF
1 Denis Arkhipov 60 1 2 2
2 Petr Sykora 40 1 2 2
Penalty Kill - 3 Players Defense
Defense Defense Time % Phy DF OF
1 Richard Petiot Hal Gill 60 1 2 2
2 Stanislav Neckar Kris Russell 40 1 2 2
4 vs 4 Forward
Center Wing Time % Phy DF OF
1 Martin Hanzal Petr Sykora 60 1 1 3
2 Logan Couture Fredrik Sjostrom 40 1 1 3
4 vs 4 Defense
Defense Defense Time % Phy DF OF
1 Pernell Karl Subban Stanislav Neckar 60 1 1 3
2 Hal Gill Kris Russell 40 1 1 3
Last Minutes Offensive
Center Left Wing Right Wing Defense Defense
Martin Hanzal Fredrik Sjostrom Alexander Radulov Hal Gill Pernell Karl Subban
Last Minutes Defensive
Center Left Wing Right Wing Defense Defense
Martin Hanzal Fredrik Sjostrom Alexander Radulov Richard Petiot Hal Gill
Goaltenders
Starting : Manny Fernandez
Backup : Ondrej Pavelec
Extra Forwards
Normal : Fredrik Sjostrom, Martin Hanzal, Alexander Radulov - PP : Jamie Benn, Fredrik Sjostrom - PK : Cal Clutterbuck
Extra Defensemen
Normal : Kris Russell, Pernell Karl Subban, Hal Gill - PP : Kris Russell - PK : Pernell Karl Subban, Hal Gill
Penalty Shots
Petr Sykora, Fredrik Sjostrom, Alexander Radulov, Martin Hanzal, Bobby Butler
% Time on Ice - Knights
Lines # - Real PCT - Wanted PCT - Time Play
Normal Forward
1 - 29% - 36% - 13:15
2 - 30% - 34% - 13:50
3 - 22% - 20% - 10:05
4 - 18% - 10% - 8:25
Normal Defense
1 - 40% - 40% - 18:24
2 - 30% - 30% - 13:34
3 - 27% - 20% - 12:11
4 - 3% - 10% - 1:26
PP Forward
1 - 58% - 60% - 4:38
2 - 42% - 40% - 3:18
PP Defense
1 - 61% - 60% - 4:52
2 - 39% - 40% - 3:04
PK Forward
1 - 73% - 60% - 4:22
2 - 27% - 40% - 1:35
PK Defense
1 - 48% - 60% - 2:51
2 - 52% - 40% - 3:06
PK3 Forward
1 - 0% - 60%
2 - 0% - 40%
PK3 Defense
1 - 0% - 60%
2 - 0% - 40%
44 Forward
1 - 0% - 50%
2 - 0% - 50%
44 Defense
1 - 0% - 60%
2 - 0% - 40%
Last Minute Offensive - 0:32
Last Minute Defensive - 0:00
Total
Forward - 60:00
Defense - 60:00
|
% Time on Ice - Manchots
Lines # - Real PCT - Wanted PCT - Time Play
Normal Forward
1 - 30% - 37% - 13:47
2 - 29% - 34% - 13:19
3 - 21% - 19% - 9:38
4 - 19% - 10% - 8:50
Normal Defense
1 - 37% - 40% - 16:59
2 - 31% - 30% - 14:12
3 - 25% - 20% - 11:26
4 - 6% - 10% - 2:57
PP Forward
1 - 55% - 60% - 3:16
2 - 45% - 40% - 2:41
PP Defense
1 - 59% - 60% - 3:29
2 - 41% - 40% - 2:28
PK Forward
1 - 71% - 60% - 5:40
2 - 29% - 40% - 2:16
PK Defense
1 - 57% - 60% - 4:32
2 - 43% - 40% - 3:24
PK3 Forward
1 - 0% - 60%
2 - 0% - 40%
PK3 Defense
1 - 0% - 60%
2 - 0% - 40%
44 Forward
1 - 0% - 60%
2 - 0% - 40%
44 Defense
1 - 0% - 60%
2 - 0% - 40%
Last Minute Offensive - 0:00
Last Minute Defensive - 0:33
Total
Forward - 60:00
Defense - 60:00
|
Play by Play
1st period
0:01 of 1st period - Darroll Powe wins face-off versus Martin Hanzal in neutral zone.
0:04 of 1st period - Alexander Radulov is hit by Nigel Dawes.
0:10 of 1st period - Wrist shot by Martin Hanzal.
0:10 of 1st period - Shot Blocked by Ryan Suter.
0:37 of 1st period - Slapshot by Sheldon Brookbank.
0:37 of 1st period - Shot Blocked by Petr Sykora.
0:47 of 1st period - Zbynek Michalek is hit by Stanislav Neckar and loses puck.
1:01 of 1st period - Icing by Zbynek Michalek.
1:02 of 1st period - Tyler Kennedy wins face-off versus Danny Irmen in Knights zone.
1:24 of 1st period - Icing by Sheldon Brookbank.
1:25 of 1st period - Danny Irmen wins face-off versus Logan Couture in Knights zone.
1:36 of 1st period - Slapshot by Steve Downie.
1:36 of 1st period - Shot Blocked by Logan Couture.
2:02 of 1st period - Wrist shot by Darroll Powe.
2:02 of 1st period - Stopped by Manny Fernandez without a rebound.
2:03 of 1st period - Jarret Stoll wins face-off versus Martin Hanzal in Manchots zone.
2:06 of 1st period - Wrist shot by Jarret Stoll.
2:06 of 1st period - Stopped by Manny Fernandez without a rebound.
2:07 of 1st period - Jarret Stoll wins face-off versus Martin Hanzal in Manchots zone.
2:15 of 1st period - Minor Penalty to Troy Brouwer for Hooking.
2:16 of 1st period - Darroll Powe wins face-off versus Martin Hanzal in Knights zone.
2:31 of 1st period - Wrist shot by Alexander Radulov.
2:31 of 1st period - Shot Blocked by Jeff Schultz.
3:28 of 1st period - Fredrik Sjostrom is hit by Ryan Suter and loses puck.
4:15 of 1st period - Penalty to Troy Brouwer is over, Troy Brouwer is back on ice.
4:33 of 1st period - Eric Tangradi is hit by Steve Downie and loses puck.
4:48 of 1st period - Snap shot by Troy Brouwer.
4:48 of 1st period - Shot Blocked by Richard Petiot.
4:58 of 1st period - Slapshot by Richard Petiot.
4:58 of 1st period - Shot Blocked by Steve Downie.
5:00 of 1st period - Snap shot by Denis Arkhipov.
5:00 of 1st period - Stopped by Dany Sabourin with a rebound.
5:02 of 1st period - Snap shot by Denis Arkhipov.
5:02 of 1st period - Shot Misses the Net.
5:12 of 1st period - Slapshot by Denis Arkhipov.
5:12 of 1st period - Stopped by Dany Sabourin with a rebound.
5:14 of 1st period - Snap shot by Hal Gill.
5:14 of 1st period - Deflect By Denis Arkhipov.
5:14 of 1st period - Stopped by Dany Sabourin without a rebound.
5:15 of 1st period - Benn Ferriero wins face-off versus Logan Couture in Knights zone.
5:15 of 1st period - Benn Ferriero is hit by Logan Couture.
5:21 of 1st period - Eric Gryba is hit by Sheldon Brookbank and loses puck.
5:44 of 1st period - Wrist shot by Martin Hanzal.
5:44 of 1st period - Deflect By Alexander Radulov.
5:44 of 1st period - Stopped by Dany Sabourin with a rebound.
6:05 of 1st period - Wrist shot by Jonathan Tremblay.
6:05 of 1st period - Stopped by Manny Fernandez with a rebound.
6:21 of 1st period - Martin Hanzal is hit by Ryan Suter and loses puck.
6:43 of 1st period - Stanislav Neckar is hit by Danny Irmen.
6:54 of 1st period - Snap shot by Martin Hanzal.
6:54 of 1st period - Shot Misses the Net.
7:18 of 1st period - Wrist shot by Martin Hanzal.
7:18 of 1st period - Shot Blocked by Jeff Schultz.
7:20 of 1st period - Snap shot by Martin Hanzal.
7:20 of 1st period - Shot Blocked by Ryan Suter.
7:22 of 1st period - Snap shot by Martin Hanzal.
7:22 of 1st period - Stopped by Dany Sabourin with a rebound.
7:24 of 1st period - Backhand shot by Martin Hanzal.
7:24 of 1st period - Stopped by Dany Sabourin without a rebound.
7:25 of 1st period - Jarret Stoll wins face-off versus Logan Couture in Knights zone.
8:45 of 1st period - Snap shot by Tyler Kennedy.
8:45 of 1st period - Shot Misses the Net.
9:03 of 1st period - Wrist shot by Denis Arkhipov.
9:03 of 1st period - Stopped by Dany Sabourin with a rebound.
9:23 of 1st period - Jeff Schultz is hit by Fredrik Sjostrom and loses puck.
9:56 of 1st period - Sheldon Brookbank is hit by Cal Clutterbuck.
11:08 of 1st period - Denis Arkhipov is hit by Sheldon Brookbank and loses puck.
11:19 of 1st period - Steve Downie is hit by Spencer Machacek and loses puck.
11:53 of 1st period - Garnet Exelby is hit by Alexander Radulov and loses puck.
13:06 of 1st period - Darroll Powe is hit by Tyler Kennedy.
13:16 of 1st period - Denis Arkhipov is hit by Danny Irmen and loses puck.
13:20 of 1st period - Minor Penalty to Pernell Karl Subban for Interference.
13:21 of 1st period - Denis Arkhipov wins face-off versus Darroll Powe in Manchots zone.
13:30 of 1st period - Slapshot by Darroll Powe.
13:30 of 1st period - Stopped by Manny Fernandez without a rebound.
13:31 of 1st period - Denis Arkhipov wins face-off versus Nigel Dawes in Manchots zone.
13:43 of 1st period - Snap shot by Nigel Dawes.
13:43 of 1st period - Shot Misses the Net.
13:45 of 1st period - Wrist shot by Steve Downie.
13:45 of 1st period - Shot Misses the Net.
13:47 of 1st period - Wrist shot by Sheldon Brookbank.
13:47 of 1st period - Shot Misses the Net.
13:49 of 1st period - Wrist shot by Darroll Powe.
13:49 of 1st period - Shot Blocked by Richard Petiot.
13:51 of 1st period - Snap shot by Sheldon Brookbank.
13:51 of 1st period - Deflect By Denis Arkhipov.
13:51 of 1st period - Stopped by Manny Fernandez without a rebound.
13:52 of 1st period - Denis Arkhipov wins face-off versus Benn Ferriero in Manchots zone.
14:17 of 1st period - Darroll Powe is hit by Tyler Kennedy and loses puck.
15:20 of 1st period - Penalty to Pernell Karl Subban is over, Pernell Karl Subban is back on ice.
15:53 of 1st period - Slapshot by Sheldon Brookbank.
15:53 of 1st period - Stopped by Manny Fernandez without a rebound.
15:54 of 1st period - Martin Hanzal wins face-off versus Benn Ferriero in Manchots zone.
16:47 of 1st period - Jeff Schultz is hit by Eric Tangradi and loses puck.
17:02 of 1st period - Martin Hanzal is hit by Jeff Schultz and loses puck.
17:25 of 1st period - Snap shot by Darroll Powe.
17:25 of 1st period - Shot Misses the Net.
17:31 of 1st period - Sheldon Brookbank is hit by Pernell Karl Subban and loses puck.
17:54 of 1st period - Wrist shot by Joel Ward.
17:54 of 1st period - Stopped by Manny Fernandez with a rebound.
17:56 of 1st period - Slapshot by Sheldon Brookbank.
17:56 of 1st period - Stopped by Manny Fernandez without a rebound.
17:57 of 1st period - Martin Hanzal wins face-off versus Jarret Stoll in Manchots zone.
18:04 of 1st period - Slapshot by Hal Gill.
18:04 of 1st period - Stopped by Dany Sabourin with a rebound.
18:06 of 1st period - Slapshot by Alexander Radulov.
18:06 of 1st period - Stopped by Dany Sabourin with a rebound.
18:08 of 1st period - Wrist shot by Richard Petiot.
18:08 of 1st period - Deflect By Garnet Exelby.
18:08 of 1st period - Stopped by Dany Sabourin with a rebound.
18:10 of 1st period - Slapshot by Hal Gill.
18:10 of 1st period - Deflect By Martin Hanzal.
18:10 of 1st period - Shot Misses the Net.
18:10 of 1st period - Puck is out of play.
18:11 of 1st period - Logan Couture wins face-off versus Darroll Powe in Knights zone.
18:16 of 1st period - Snap shot by Petr Sykora.
18:16 of 1st period - Shot Misses the Net.
18:18 of 1st period - Slapshot by Petr Sykora.
18:18 of 1st period - Manchots goal is going for a video replay.
18:18 of 1st period - The goal is refused. The puck has entered the net after making contact with an attacking player’s stick that is above the height of the crossbar..
18:19 of 1st period - Logan Couture wins face-off versus Darroll Powe in Knights zone.
18:24 of 1st period - Snap shot by Fredrik Sjostrom.
18:24 of 1st period - Stopped by Dany Sabourin with a rebound.
18:26 of 1st period - Snap shot by Petr Sykora.
18:26 of 1st period - Stopped by Dany Sabourin without a rebound.
18:27 of 1st period - Darroll Powe wins face-off versus Logan Couture in Knights zone.
19:16 of 1st period - Wrist shot by Troy Brouwer.
19:16 of 1st period - Shot Blocked by Stanislav Neckar.
19:18 of 1st period - Slapshot by Jeff Schultz.
19:18 of 1st period - Shot Misses the Net.
19:20 of 1st period - Wrist shot by Jarret Stoll.
19:20 of 1st period - Shot Misses the Net.
19:22 of 1st period - Snap shot by Jarret Stoll.
19:22 of 1st period - Shot Misses the Net.
19:24 of 1st period - Snap shot by Ryan Suter.
19:24 of 1st period - Stopped by Manny Fernandez with a rebound.
19:38 of 1st period - Slapshot by Petr Sykora.
19:38 of 1st period - Goal by Petr Sykora - Knights : 0 - Manchots : 1.
19:39 of 1st period - Logan Couture wins face-off versus Darroll Powe in neutral zone.
2nd period
0:01 of 2nd period - Darroll Powe wins face-off versus Martin Hanzal in neutral zone.
0:04 of 2nd period - Slapshot by Ryan Suter.
0:04 of 2nd period - Shot Misses the Net.
0:06 of 2nd period - Slapshot by Sheldon Brookbank.
0:06 of 2nd period - Stopped by Manny Fernandez with a rebound.
0:32 of 2nd period - Slapshot by Fredrik Sjostrom.
0:32 of 2nd period - Shot Misses the Net.
0:48 of 2nd period - Joel Ward is hit by Pernell Karl Subban and loses puck.
1:09 of 2nd period - Eric Gryba is hit by Garnet Exelby and loses puck.
1:22 of 2nd period - Snap shot by Zbynek Michalek.
1:22 of 2nd period - Deflect By Jonathan Tremblay.
1:22 of 2nd period - Shot Misses the Net.
1:22 of 2nd period - Puck is out of play.
1:23 of 2nd period - Darroll Powe wins face-off versus Martin Hanzal in Manchots zone.
1:26 of 2nd period - Wrist shot by Nigel Dawes.
1:26 of 2nd period - Deflect By Darroll Powe.
1:26 of 2nd period - Stopped by Manny Fernandez with a rebound.
1:59 of 2nd period - Snap shot by Jack Skille.
1:59 of 2nd period - Shot Misses the Net.
2:07 of 2nd period - Denis Arkhipov is hit by Jeff Schultz and loses puck.
2:30 of 2nd period - Wrist shot by Fredrik Sjostrom.
2:30 of 2nd period - Shot Misses the Net.
2:42 of 2nd period - Wrist shot by Mats Zuccarello.
2:42 of 2nd period - Deflect By Danny Irmen.
2:42 of 2nd period - Stopped by Manny Fernandez with a rebound.
2:44 of 2nd period - Slapshot by Jonathan Tremblay.
2:44 of 2nd period - Stopped by Manny Fernandez with a rebound.
2:46 of 2nd period - Wrist shot by Ryan Suter.
2:46 of 2nd period - Shot Blocked by Stanislav Neckar.
2:48 of 2nd period - Snap shot by Mats Zuccarello.
2:48 of 2nd period - Stopped by Manny Fernandez with a rebound.
3:01 of 2nd period - Minor Penalty to Aaron Rome for Interference.
3:02 of 2nd period - Martin Hanzal wins face-off versus Darroll Powe in Knights zone.
3:37 of 2nd period - Slapshot by Petr Sykora.
3:37 of 2nd period - Shot Misses the Net.
4:55 of 2nd period - Jeff Schultz is hit by Petr Sykora and loses puck.
5:01 of 2nd period - Penalty to Aaron Rome is over, Aaron Rome is back on ice.
5:50 of 2nd period - Denis Arkhipov is hit by Sheldon Brookbank.
6:14 of 2nd period - Pernell Karl Subban is hit by Jarret Stoll and loses puck.
7:06 of 2nd period - Aaron Rome is hit by Eric Gryba and loses puck.
7:47 of 2nd period - Snap shot by Tyler Kennedy.
7:47 of 2nd period - Shot Misses the Net.
7:51 of 2nd period - Wrist shot by Tyler Kennedy.
7:51 of 2nd period - Stopped by Dany Sabourin with a rebound.
8:24 of 2nd period - Wrist shot by Jonathan Tremblay.
8:24 of 2nd period - Shot Misses the Net.
8:26 of 2nd period - Snap shot by Zbynek Michalek.
8:26 of 2nd period - Shot Blocked by Stanislav Neckar.
8:28 of 2nd period - Slapshot by Garnet Exelby.
8:28 of 2nd period - Stopped by Manny Fernandez without a rebound.
8:29 of 2nd period - Darroll Powe wins face-off versus Logan Couture in Manchots zone.
8:30 of 2nd period - Wrist shot by Steve Downie.
8:30 of 2nd period - Stopped by Manny Fernandez with a rebound.
8:32 of 2nd period - Slapshot by Ryan Suter.
8:32 of 2nd period - Stopped by Manny Fernandez with a rebound.
8:34 of 2nd period - Wrist shot by Nigel Dawes.
8:34 of 2nd period - Stopped by Manny Fernandez without a rebound.
8:35 of 2nd period - Logan Couture wins face-off versus Darroll Powe in Manchots zone.
8:40 of 2nd period - Steve Downie is hit by Petr Sykora.
8:49 of 2nd period - Off-side.
8:50 of 2nd period - Alexander Radulov wins face-off versus Jarret Stoll in neutral zone.
9:01 of 2nd period - Snap shot by Jarret Stoll.
9:01 of 2nd period - Stopped by Manny Fernandez with a rebound.
9:03 of 2nd period - Snap shot by Jack Skille.
9:03 of 2nd period - Shot Misses the Net.
9:05 of 2nd period - Snap shot by Jarret Stoll.
9:05 of 2nd period - Shot Blocked by Martin Hanzal.
9:06 of 2nd period - Minor Penalty to Jamie Benn for Holding Stick.
9:07 of 2nd period - Darroll Powe wins face-off versus Denis Arkhipov in Manchots zone.
9:20 of 2nd period - Wrist shot by Steve Downie.
9:20 of 2nd period - Deflect By Nigel Dawes.
9:20 of 2nd period - Shot Blocked by Hal Gill.
9:20 of 2nd period - Puck is out of play.
9:21 of 2nd period - Denis Arkhipov wins face-off versus Darroll Powe in Manchots zone.
9:21 of 2nd period - Denis Arkhipov is hit by Nigel Dawes.
9:31 of 2nd period - Hal Gill is hit by Darroll Powe and loses puck.
9:36 of 2nd period - Snap shot by Darroll Powe.
9:36 of 2nd period - Stopped by Manny Fernandez with a rebound.
11:06 of 2nd period - Penalty to Jamie Benn is over, Jamie Benn is back on ice.
11:11 of 2nd period - Snap shot by Hal Gill.
11:11 of 2nd period - Stopped by Dany Sabourin with a rebound.
11:24 of 2nd period - Wrist shot by Mats Zuccarello.
11:24 of 2nd period - Stopped by Manny Fernandez with a rebound.
11:45 of 2nd period - Cal Clutterbuck is hit by Benn Ferriero and loses puck.
12:52 of 2nd period - Sheldon Brookbank is hit by Eric Tangradi and loses puck.
12:57 of 2nd period - Slapshot by Stanislav Neckar.
12:57 of 2nd period - Shot Misses the Net.
13:33 of 2nd period - Snap shot by Alexander Radulov.
13:33 of 2nd period - Shot Misses the Net.
13:35 of 2nd period - Slapshot by Martin Hanzal.
13:35 of 2nd period - Shot Misses the Net.
13:37 of 2nd period - Snap shot by Hal Gill.
13:37 of 2nd period - Shot Blocked by Jeff Schultz.
14:00 of 2nd period - Jeff Schultz is hit by Eric Gryba and loses puck.
14:25 of 2nd period - Snap shot by Bobby Butler.
14:25 of 2nd period - Shot Blocked by Danny Irmen.
14:35 of 2nd period - Troy Brouwer is hit by Alexander Radulov and loses puck.
14:42 of 2nd period - Aaron Rome is hit by Jamie Benn and loses puck.
14:55 of 2nd period - Backhand shot by Tyler Kennedy.
14:55 of 2nd period - Stopped by Dany Sabourin without a rebound.
14:56 of 2nd period - Tyler Kennedy wins face-off versus Darroll Powe in Knights zone.
15:01 of 2nd period - Snap shot by Eric Tangradi.
15:01 of 2nd period - Stopped by Dany Sabourin without a rebound.
15:02 of 2nd period - Darroll Powe wins face-off versus Eric Tangradi in Knights zone.
15:06 of 2nd period - Jeff Schultz is hit by Pernell Karl Subban and loses puck.
15:48 of 2nd period - Minor Penalty to Eric Gryba for High sticking.
15:49 of 2nd period - Denis Arkhipov wins face-off versus Darroll Powe in Manchots zone.
16:00 of 2nd period - Denis Arkhipov is hit by Sheldon Brookbank and loses puck.
17:22 of 2nd period - Fredrik Sjostrom is hit by Benn Ferriero and loses puck.
17:48 of 2nd period - Penalty to Eric Gryba is over, Eric Gryba is back on ice.
17:51 of 2nd period - Richard Petiot is hit by Darroll Powe and loses puck.
18:22 of 2nd period - Eric Gryba is hit by Ryan Suter and loses puck.
18:40 of 2nd period - Garnet Exelby is hit by Petr Sykora and loses puck.
19:55 of 2nd period - Wrist shot by Petr Sykora.
19:55 of 2nd period - Stopped by Dany Sabourin without a rebound.
19:56 of 2nd period - Darroll Powe wins face-off versus Logan Couture in Knights zone.
3rd period
0:01 of 3rd period - Nigel Dawes wins face-off versus Logan Couture in neutral zone.
0:13 of 3rd period - Off-side.
0:14 of 3rd period - Jarret Stoll wins face-off versus Martin Hanzal in neutral zone.
0:17 of 3rd period - Slapshot by Jeff Schultz.
0:17 of 3rd period - Shot Misses the Net.
1:08 of 3rd period - Off-side.
1:09 of 3rd period - Jarret Stoll wins face-off versus Logan Couture in neutral zone.
1:09 of 3rd period - Jarret Stoll is hit by Pernell Karl Subban.
1:18 of 3rd period - Wrist shot by Jack Skille.
1:18 of 3rd period - Stopped by Manny Fernandez with a rebound.
1:20 of 3rd period - Slapshot by Zbynek Michalek.
1:20 of 3rd period - Shot Misses the Net.
1:22 of 3rd period - Snap shot by Troy Brouwer.
1:22 of 3rd period - Stopped by Manny Fernandez with a rebound.
1:24 of 3rd period - Backhand shot by Zbynek Michalek.
1:24 of 3rd period - Stopped by Manny Fernandez with a rebound.
2:19 of 3rd period - Snap shot by Troy Brouwer.
2:19 of 3rd period - Stopped by Manny Fernandez without a rebound.
2:20 of 3rd period - Jamie Benn wins face-off versus Jarret Stoll in Manchots zone.
2:20 of 3rd period - Jamie Benn is hit by Jarret Stoll.
2:26 of 3rd period - Slapshot by Hal Gill.
2:26 of 3rd period - Shot Blocked by Jarret Stoll.
2:37 of 3rd period - Jack Skille is hit by Richard Petiot and loses puck.
3:09 of 3rd period - Slapshot by Jack Skille.
3:09 of 3rd period - Stopped by Manny Fernandez without a rebound.
3:10 of 3rd period - Darroll Powe wins face-off versus Logan Couture in Manchots zone.
4:06 of 3rd period - Slapshot by Mats Zuccarello.
4:06 of 3rd period - Deflect By Jonathan Tremblay.
4:06 of 3rd period - Stopped by Manny Fernandez without a rebound.
4:07 of 3rd period - Logan Couture wins face-off versus Darroll Powe in Manchots zone.
5:21 of 3rd period - Snap shot by Kyle Greentree.
5:21 of 3rd period - Shot Misses the Net.
5:55 of 3rd period - Logan Couture is hit by Zbynek Michalek and loses puck.
6:35 of 3rd period - Icing by Aaron Rome.
6:36 of 3rd period - Tyler Kennedy wins face-off versus Darroll Powe in Knights zone.
6:37 of 3rd period - Slapshot by Stanislav Neckar.
6:37 of 3rd period - Shot Blocked by Darroll Powe.
6:39 of 3rd period - Snap shot by Pernell Karl Subban.
6:39 of 3rd period - Deflect By Nigel Dawes.
6:39 of 3rd period - Stopped by Dany Sabourin with a rebound.
6:41 of 3rd period - Slapshot by Pernell Karl Subban.
6:41 of 3rd period - Shot Misses the Net.
6:43 of 3rd period - Snap shot by Eric Tangradi.
6:43 of 3rd period - Shot Misses the Net.
6:45 of 3rd period - Snap shot by Tyler Kennedy.
6:45 of 3rd period - Deflect By Eric Tangradi.
6:45 of 3rd period - Stopped by Dany Sabourin with a rebound.
6:47 of 3rd period - Snap shot by Spencer Machacek.
6:47 of 3rd period - Stopped by Dany Sabourin with a rebound.
6:49 of 3rd period - Snap shot by Eric Tangradi.
6:49 of 3rd period - Stopped by Dany Sabourin with a rebound.
6:57 of 3rd period - Backhand shot by Tyler Kennedy.
6:57 of 3rd period - Stopped by Dany Sabourin with a rebound.
7:03 of 3rd period - Snap shot by Darroll Powe.
7:03 of 3rd period - Stopped by Manny Fernandez with a rebound.
7:13 of 3rd period - Snap shot by Steve Downie.
7:13 of 3rd period - Shot Blocked by Pernell Karl Subban.
7:31 of 3rd period - Slapshot by Stanislav Neckar.
7:31 of 3rd period - Shot Blocked by Steve Downie.
7:47 of 3rd period - Wrist shot by Darroll Powe.
7:47 of 3rd period - Stopped by Manny Fernandez with a rebound.
7:53 of 3rd period - Snap shot by Nigel Dawes.
7:53 of 3rd period - Shot Misses the Net.
8:02 of 3rd period - Snap shot by Stanislav Neckar.
8:02 of 3rd period - Stopped by Dany Sabourin with a rebound.
8:04 of 3rd period - Snap shot by Tyler Kennedy.
8:04 of 3rd period - Shot Blocked by Nigel Dawes.
8:06 of 3rd period - Slapshot by Tyler Kennedy.
8:06 of 3rd period - Shot Misses the Net.
8:29 of 3rd period - Off-side.
8:30 of 3rd period - Martin Hanzal wins face-off versus Jarret Stoll in neutral zone.
8:35 of 3rd period - Wrist shot by Alexander Radulov.
8:35 of 3rd period - Stopped by Dany Sabourin without a rebound.
8:36 of 3rd period - Jarret Stoll wins face-off versus Martin Hanzal in Knights zone.
8:36 of 3rd period - Jarret Stoll is hit by Kris Russell.
8:41 of 3rd period - Ryan Suter is hit by Kris Russell and loses puck.
8:46 of 3rd period - Snap shot by Troy Brouwer.
8:46 of 3rd period - Stopped by Manny Fernandez without a rebound.
8:47 of 3rd period - Jarret Stoll wins face-off versus Logan Couture in Manchots zone.
8:48 of 3rd period - Wrist shot by Jack Skille.
8:48 of 3rd period - Shot Misses the Net.
8:52 of 3rd period - Wrist shot by Jack Skille.
8:52 of 3rd period - Stopped by Manny Fernandez without a rebound.
8:53 of 3rd period - Logan Couture wins face-off versus Troy Brouwer in Manchots zone.
9:22 of 3rd period - Jamie Benn is hit by Ryan Suter and loses puck.
9:24 of 3rd period - Minor Penalty to Joel Ward for Tripping.
9:25 of 3rd period - Darroll Powe wins face-off versus Martin Hanzal in Knights zone.
9:38 of 3rd period - Nigel Dawes is hit by Pernell Karl Subban and loses puck.
9:55 of 3rd period - Wrist shot by Steve Downie.
9:55 of 3rd period - Stopped by Manny Fernandez with a rebound.
11:24 of 3rd period - Penalty to Joel Ward is over, Joel Ward is back on ice.
11:31 of 3rd period - Sheldon Brookbank is hit by Bobby Butler.
11:36 of 3rd period - Minor Penalty to Cal Clutterbuck for High sticking.
11:37 of 3rd period - Denis Arkhipov wins face-off versus Darroll Powe in Manchots zone.
11:37 of 3rd period - Denis Arkhipov is hit by Steve Downie.
11:53 of 3rd period - Stanislav Neckar is hit by Steve Downie and loses puck.
12:04 of 3rd period - Jeff Schultz is hit by Stanislav Neckar and loses puck.
13:36 of 3rd period - Penalty to Cal Clutterbuck is over, Cal Clutterbuck is back on ice.
14:00 of 3rd period - Pernell Karl Subban is hit by Aaron Rome and loses puck.
14:17 of 3rd period - Troy Brouwer is hit by Petr Sykora and loses puck.
14:48 of 3rd period - Aaron Rome is hit by Denis Arkhipov and loses puck.
15:01 of 3rd period - Aaron Rome is hit by Spencer Machacek and loses puck.
15:25 of 3rd period - Icing by Jarret Stoll.
15:26 of 3rd period - Jarret Stoll wins face-off versus Martin Hanzal in Knights zone.
16:04 of 3rd period - Ryan Suter is hit by Richard Petiot and loses puck.
16:17 of 3rd period - Fredrik Sjostrom is hit by Ryan Suter and loses puck.
16:28 of 3rd period - Snap shot by Petr Sykora.
16:28 of 3rd period - Stopped by Dany Sabourin without a rebound.
16:29 of 3rd period - Benn Ferriero wins face-off versus Logan Couture in Knights zone.
16:34 of 3rd period - Petr Sykora is hit by Benn Ferriero and loses puck.
16:55 of 3rd period - Snap shot by Steve Downie.
16:55 of 3rd period - Shot Misses the Net.
17:03 of 3rd period - Backhand shot by Darroll Powe.
17:03 of 3rd period - Stopped by Manny Fernandez with a rebound.
17:25 of 3rd period - Wrist shot by Denis Arkhipov.
17:25 of 3rd period - Shot Misses the Net.
17:51 of 3rd period - Wrist shot by Alexander Radulov.
17:51 of 3rd period - Shot Blocked by Jeff Schultz.
18:56 of 3rd period - Snap shot by Nigel Dawes.
18:56 of 3rd period - Stopped by Manny Fernandez without a rebound.
18:57 of 3rd period - Paul MacLean call a timeout for Knights.
18:57 of 3rd period - Martin Hanzal wins face-off versus Darroll Powe in Manchots zone.
19:00 of 3rd period - Knights, Dany Sabourin is pulled from the net.
19:22 of 3rd period - Snap shot by Martin Hanzal.
19:22 of 3rd period - Goal by Martin Hanzal - Knights : 0 - Manchots : 2.
19:22 of 3rd period - Dany Sabourin from Knights was sent back in the game.
19:23 of 3rd period - Denis Arkhipov wins face-off versus Kyle Greentree in neutral zone.
19:50 of 3rd period - Snap shot by Petr Sykora.
19:50 of 3rd period - Shot Blocked by Ryan Suter.
19:58 of 3rd period - Slapshot by Fredrik Sjostrom.
19:58 of 3rd period - Deflect By Petr Sykora.
19:58 of 3rd period - Stopped by Dany Sabourin with a rebound.
Output by the SimonT Hockey Simulator (STHS) for François Prévost -- Original Page W3C XHTML 1.0 Valid